[Event "Early-Titled-Tuesday-Blitz-January-23-2024"]
[Site "Chess.com"]
[Date "2024.01.23"]
[Round "3"]
[White "Freeeeeeeeeeeeeeeeee"]
[Black "LiadCuba"]
[Result "1/2-1/2"]
[WhiteElo "2114"]
[BlackElo "2438"]
[TimeControl "180+1"]
[EndTime "8:28:04 PST"]
[Termination "Game drawn by stalemate"]

1. e4 c5 2. Nf3 d6 3. g3 Nf6 4.
Nc3 Nc6 5. Bg2 Bg4 6. h3 Bd7 7. O-O Qc8 8. Kh2 h6 9. d4 g5 10. e5 g4 11. exf6 gxf3 12. fxe7 fxg2 13. exf8=R+ Kxf8 14. Re1 Nxd4 15. Qh5 Bxh3 16. Bxh6+ Rxh6 17. Qxh6+ Kg8 18.
Qxh3 Nf3+ 19. Kxg2 Nxe1+ 20. Rxe1 Qxh3+ 21. Kxh3 Kf8 22. Rd1 Rd8 23. Nb5 d5 24. a3 a6 25.
Nc3 d4 26. Ne4 c4 27. Kg2 b5 28. Kf3 Ke7 29. Nc5 Rd6 30. Ke4 Rc6 31. Nb7 Rb6 32.
Na5 Re6+ 33. Kf3 Rd6 34. b3 c3 35. Rd3 Ke6 36. b4 Kd5 37. Nb3 Kc4 38. Ke4 Re6+ 39.
Kf4 Rf6+ 40. Kg4 Rd6 41. f4 Rd7 42. f5 Rd6 43. Kf4 Rd7 44. g4 Rd8 45. g5 Rd7 46. g6 fxg6 47. fxg6 Rd8 48. Kg5 a5 49. Kh6 a4 50.
Na5+ Kd5 51. g7 Ke4 52. Kh7 Rd7 53. Kh8 Rd8+ 54. g8=Q Rxg8+ 55. Kxg8 Kd5 56. Nc6 Kxc6 57. Rxd4 Kb6 58. Rd3 Kc6 59. Rxc3+ Kd5 60. Rd3+ Kc4 61. Kf7 1/2-1/2

[Event "Early-Titled-Tuesday-Blitz-January-23-2024"]
[Site "Chess.com"]
[Date "2024.01.23"]
[Round "3"]
[White "SashaKuzhilniy"]
[Black "vugarrasulov"]
[Result "0-1"]
[WhiteElo "2648"]
[BlackElo "2938"]
[TimeControl "180+1"]
[EndTime "8:28:06 PST"]
[Termination "vugarrasulov won by resignation"]

1. e3 a6 2. d4 b5 3. Nf3 Bb7 4. c4 b4 5. Bd3 e6 6. e4 d6 7. Qa4+ Bc6 8. Qc2 Nf6 9. d5 Bd7 10. e5 dxe5 11. Nxe5 exd5 12. cxd5 Bd6 13. Nc6 Nxc6 14.
dxc6 Be6 15. O-O O-O 16. Nd2 h6 17. Nc4 Bd5 18. Ne3 Be6 19. Bd2 a5 20. Rad1 Qb8 21. Nf5 Bxf5 22. Bxf5 a4 23. Qc4 Ra5 24. Bb1 a3 25.
bxa3 Rxa3 26. Qh4 Ra5 27. h3 Rh5 28. Qc4 Qb5 29. Qxb5 Rxb5 30. Be3 Nd5 31. Bd4 Nc3 32. Bxc3 bxc3 33. Bc2 Rb2 34. Bb3 Re8 35. Rfe1 Rxe1+ 36. Rxe1 Kf8 37. Rc1 Be5 38. g3 Bd4 39. Rc2 Ke7 40. Rxb2 cxb2 41. Bc2 Kd6 42. Kf1 Kxc6 43. Ke2 Kc5 44.
f3 Kb4 45. Kd3 Be5 46. Bb1 Bxg3 47. Kd2 Be5 48. Kc2 Kc4 49. Kd2 c5 50. Be4 Kb4 51. Kc2 c4 52. Bd5 f6 53. Be4 c3 54. h4 g5 55. hxg5 fxg5 56. Bg6 Bc7 57. Kb1 Ba5 58.
Kc2 Kc5 59. Kd1 Kd4 60. Ke2 h5 61. Bc2 h4 62. Kf2 Kc4 63. Ke3 h3 64. Kf2 h2 65.
Kg2 Bc7 66. a4 Kb4 0-1

[Event "Early-Titled-Tuesday-Blitz-January-23-2024"]
[Site "Chess.com"]
[Date "2024.01.23"]
[Round "3"]
[White "stasOR4ik"]
[Black "LeoWin2012"]
[Result "1/2-1/2"]
[WhiteElo "2416"]
[BlackElo "2202"]
[TimeControl "180+1"]
[EndTime "8:28:06 PST"]
[Termination "Game drawn by stalemate"]

1. e4 e6 2. c4 d5 3. cxd5 exd5 4. exd5 Qxd5 5. Nc3 Qe5+ 6. Qe2 Qxe2+ 7. Bxe2 Nf6 8. Nf3 Bd6 9. O-O O-O 10. Nb5 Nc6 11. Nxd6 cxd6 12. d4 Re8 13. Re1 Bg4 14. Bf4 Bxf3 15. Bxf3 Nxd4 16. Bxb7 Rab8 17. Rxe8+ Nxe8 18. Re1 Ne6 19. Bc6 Rxb2 20. Be3 Nf6 21. a4 Nc5 22. h3 h6 23. Rd1 Nce4 24. Bxa7 Ra2 25. Bd4 Nc5 26.
Bxf6 gxf6 27. Rxd6 Nxa4 28. Rxf6 Kg7 29. Rxf7+ Kxf7 30. Bd5+ Kf6 31. Bxa2 Nc5 32. Bc4 Ne4 33. Bd3 Nd6 34.
f3 Nf7 35. Kf2 Ne5 36. Be4 Nd7 37. h4 Ke5 38. Kg3 Nf6 39. Bg6 Ng8 40. Kh3 Nf6 41.
g4 Kf4 42. Kg2 Nxg4 43. fxg4 Kxg4 44. h5 Kg5 45. Kf3 Kf6 46. Kf4 Kg7 47. Kf5 Kh8 48. Kf6 Kg8 49. Bf5 Kh8 50. Kg6 Kg8 51. Kxh6 Kh8 52.
Kg6 Kg8 53. h6 Kh8 54. h7 1/2-1/2

[Event "Early-Titled-Tuesday-Blitz-January-23-2024"]
[Site "Chess.com"]
[Date "2024.01.23"]
[Round "3"]
[White "Iball95"]
[Black "mishanick"]
[Result "0-1"]
[WhiteElo "2765"]
[BlackElo "3071"]
[TimeControl "180+1"]
[EndTime "8:28:07 PST"]
[Termination "mishanick won by checkmate"]

1. e4 c5 2. Nf3 e6 3. Nc3 Nc6 4.
d4 cxd4 5. Nxd4 a6 6. Nxc6 bxc6 7. Qf3 d5 8. Qg3 Nf6 9. Be2 h5 10. h4 Bb4 11. e5 Ng4 12. Bxg4 hxg4 13. Qxg4 Bf8 14. Bg5 Qa5 15. O-O c5 16. Rfe1 Bb7 17.
Rad1 Rc8 18. Re2 d4 19. Ne4 Qxa2 20. b3 Qa5 21. Nd6+ Bxd6 22. exd6 Kd7 23. Bf4 Rhg8 24.
Rde1 Bd5 25. Bg3 Kc6 26. d7 Rcd8 27. b4 Qxb4 28. Qf4 Rxd7 29. Kh2 a5 30. Ra1 a4 31. Ree1 d3 32. Qe3 dxc2 33. Rec1 Bb3 34. Qe5 Qd4 35. Qg5 Rgd8 36. Qh5 Qe4 37. Qg5 Qf5 38.
Qxg7 Rd3 39. Qb2 Rd1 40. Qc3 Rxc1 41. Rxc1 Rd1 42. Qa5 Rxc1 43. Qa6+ Kd5 44. Qb7+ Kc4 45. Qa6+ Kc3 46. Qd6 Kb2 47. Qxc5 Qxc5 48. Be5+ Qxe5+ 49. Kh3 Bd5 50. f4 Qxf4 51. g4 Rh1# 0-1

[Event "Early-Titled-Tuesday-Blitz-January-23-2024"]
[Site "Chess.com"]
[Date "2024.01.23"]
[Round "3"]
[White "KNVB"]
[Black "wonderfultime"]
[Result "0-1"]
[WhiteElo "2753"]
[BlackElo "3036"]
[TimeControl "180+1"]
[EndTime "8:28:07 PST"]
[Termination "wonderfultime won on time"]

1. d4 d5 2. Bf4 Nf6 3. e3 c5 4. c3 Qb6 5. Qb3 Nc6 6. Nd2 cxd4 7. exd4 Bf5 8. Ngf3 e6 9. Ne5 Nxe5 10. Qxb6 axb6 11. Bxe5 Nd7 12. Bc7 Rc8 13. Bg3 g5 14. Bb5 h5 15. h4 g4 16. Bf4 Be7 17. Nf1 Bg6 18. Ne3 Kd8 19. f3 gxf3 20. gxf3 Nf6 21. Bg5 Nh7 22. Bf4 Nf6 23. Bg5 Ra8 24. Kf2 Nh7 25.
Bf4 Nf8 26. Ng2 Nd7 27. Bg5 f6 28. Be3 Bf7 29. Nf4 e5 30. Nd3 Bd6 31. Rad1 Ke7 32. a3 Nf8 33. Rhe1 Ne6 34. dxe5 fxe5 35. f4 e4 36. Ne5 Nc7 37. Be2 Rh6 38. Bd4 Rf8 39. Rg1 Be8 40. Ke3 Ne6 41. Rdf1 Bc5 42. Rg2 Rhf6 43. Rgf2 Rg8 44. f5 Ng7 0-1

[Event "Early-Titled-Tuesday-Blitz-January-23-2024"]
[Site "Chess.com"]
[Date "2024.01.23"]
[Round "3"]
[White "Seochesspie"]
[Black "Chesstrainer1"]
[Result "1-0"]
[WhiteElo "2804"]
[BlackElo "2513"]
[TimeControl "180+1"]
[EndTime "8:28:07 PST"]
[Termination "Seochesspie won on time"]

1. d4 Nf6 2. c4 Nc6 3. Nc3 e5 4. d5 Ne7 5. e4 Ng6 6. a3 Bc5 7. f3 a5 8. Rb1 d6 9. b4 axb4 10. axb4 Ba7 11. Bd3 O-O 12. Nge2 Nh5 13. g3 Bh3 14.
Nb5 Bg2 15. Rf1 Bxf1 16. Kxf1 Bb6 17. Qc2 c6 18. Nbc3 Ne7 19. Kg2 cxd5 20. cxd5 g6 21. Bh6 Ng7 22. Nb5 Qd7 23. Nec3 Rfc8 24. Qe2 Ne8 25. Bd2 Nc7 26. Nxc7 Rxc7 27. Bc4 Qc8 28. Nb5 Rxc4 29. Nxd6 Rc2 30. Nxc8 Nxc8 31. Kh3 Raa2 32. Rd1 Nd6 33. f4 Nc4 34. fxe5 Nxd2 35. e6 Bd8 36.
exf7+ Kxf7 37. Qf2+ Ke8 38. Qd4 Nf3 39. Qh8+ Kd7 40.
Qxh7+ Be7 41. Kg4 Rxh2 42. Qg7 Raf2 43. e5 1-0

[Event "Early-Titled-Tuesday-Blitz-January-23-2024"]
[Site "Chess.com"]
[Date "2024.01.23"]
[Round "3"]
[White "The_Straightforward_Rook"]
[Black "ChessboArt"]
[Result "0-1"]
[WhiteElo "2525"]
[BlackElo "2200"]
[TimeControl "180+1"]
[EndTime "8:28:08 PST"]
[Termination "ChessboArt won by resignation"]

1. e4 c6 2. Nc3 d5 3. Nf3 Bg4 4. h3 Bxf3 5. Qxf3 Nf6 6. e5 Nfd7 7. d4 e6 8. Qg3 c5 9. Ne2 cxd4 10. Nxd4 Nc6 11.
Nxc6 bxc6 12. Bd3 Qc7 13. Bf4 Rb8 14. Rb1 Qa5+ 15. Bd2 Qxa2 16. O-O Qa4 17. Ra1 Qd4 18. Bc3 Qb6 19. Ra6 Qc7 20. Rfa1 Rb7 21. f4 g6 22. Kh1 h5 23. Qf2 Bc5 24. Bd4 Bb6 25. c3 O-O 26. g4 Bxd4 27. cxd4 hxg4 28. hxg4 Kg7 29. Kg2 Rh8 30. f5 exf5 31. gxf5 Nxe5 32. f6+ Kg8 33. Qg3 Nxd3 34. Qxc7 Rxc7 35. Rxa7 Rxa7 36.
Rxa7 Nxb2 37. Rc7 Nd3 38. Rxc6 Nf4+ 39. Kf3 Ne6 40. Rd6 Nxd4+ 41. Kf4 Ne6+ 42. Ke5 d4 43. Rxe6 Rh5+ 44. Kd6 fxe6 45. Ke7 Rf5 46. Kxe6 d3 47. Ke7 d2 48. f7+ Rxf7+ 49. Ke6 d1=Q 50. Ke5 Qf3 51. Ke6 Qe3+ 0-1

[Event "Early-Titled-Tuesday-Blitz-January-23-2024"]
[Site "Chess.com"]
[Date "2024.01.23"]
[Round "3"]
[White "Knightmare1014"]
[Black "Chernov_Mikhail"]
[Result "1-0"]
[WhiteElo "2225"]
[BlackElo "2374"]
[TimeControl "180+1"]
[EndTime "8:28:08 PST"]
[Termination "Knightmare1014 won on time"]

1. e4 e5 2. Nf3 Nf6 3. Nc3 Nc6 4. Bb5 Bc5 5. O-O d6 6. d3 h6 7. Be3 Bb6 8. h3 O-O 9. Nd5 Nxd5 10. exd5 Ne7 11.
c4 Bxe3 12. fxe3 f5 13. Ba4 Bd7 14. Bc2 Qe8 15. Qe1 Qh5 16. Qh4 Qxh4 17. Nxh4 g5 18. Nf3 Kg7 19. d4 e4 20. Nd2 Ng6 21. Rf2 c6 22.
dxc6 bxc6 23. Raf1 d5 24. cxd5 cxd5 25. Bb3 Be6 26.
Rc1 a5 27. Rc7+ Kf6 28. Rc6 Ke7 29. Rc5 Kd6 30. Rb5 a4 31. Bd1 a3 32. bxa3 Rxa3 33.
Bb3 Rc8 34. Rb6+ Rc6 35. Rxc6+ Kxc6 36. Nxe4 dxe4 37. Bxe6 f4 38. exf4 gxf4 39. Bf5 e3 40. Rf3 Nh4 41. Rxf4 Nxf5 42. Rxf5 Rxa2 43. Re5 e2 44.
Kf2 e1=Q+ 45. Kxe1 Rxg2 46. Kf1 Rg3 47. Rh5 Kd6 48.
Kf2 Rg6 49. Ke3 Rg3+ 50. Ke4 Rg6 51. Ra5 Rg3 52. Ra6+ Ke7 53. Rxh6 Rg1 54. Ke5 Re1+ 55. Kd5 Rh1 56. Rh7+ Kf6 57. Kd6 Kg6 58. Rh4 Kg5 59. Rh8 Kg6 60. d5 Rd1 61. Kc6 Rc1+ 62. Kd7 Kg7 63. Rh4 Kf7 64. d6 Rc2 65. Rf4+ Kg7 66. Kd8 Rc3 67. d7 Rxh3 68. Ke7 Re3+ 69. Kd6 Rd3+ 70. Ke6 Re3+ 71. Kd5 1-0

[Event "Early-Titled-Tuesday-Blitz-January-23-2024"]
[Site "Chess.com"]
[Date "2024.01.23"]
[Round "3"]
[White "vovachesss"]
[Black "KnobbedHornbill"]
[Result "1/2-1/2"]
[WhiteElo "2864"]
[BlackElo "2580"]
[TimeControl "180+1"]
[EndTime "8:28:09 PST"]
[Termination "Game drawn by repetition"]

1. e4 c5 2. c3 e6 3. d4 cxd4 4.
cxd4 d5 5. e5 Nc6 6. Nf3 Nge7 7.
Na3 Nf5 8. Nc2 Be7 9. Bd3 O-O 10.
O-O f6 11. Bf4 fxe5 12. Nxe5 g6 13. Qd2 Nxe5 14. Bxe5 Bd7 15. Rae1 Rc8 16. Re2 Qb6 17. b3 Bb5 18. Rfe1 Bxd3 19. Qxd3 Rc6 20. Ne3 Qa6 21.
Qd2 Nxe3 22. Qxe3 Bb4 23. Rf1 Rf7 24. h4 Rc3 25. Qd2 Rxb3 26. Qd1 Rd3 27. Qc1 Rc3 28.
Rc2 Qc4 29. Rxc3 Qxc3 30. Qg5 Be7 31. Qg4 Qc6 32. h5 g5 33. h6 Rf5 34. Qg3 Qc4 35.
Qe3 b5 36. Rc1 Qb4 37. Bg7 Kf7 38. Rc6 Qb1+ 39. Kh2 Qe4 40. Qh3 Qh4 41. Qxh4 gxh4 42. Ra6 Rxf2 43. Rxa7 Ke8 44. Be5 Rb2 45. Ra8+ Kf7 46.
Ra7 Ke8 47. Ra8+ Kf7 48. Ra7 Ke8 1/2-1/2

[Event "Early-Titled-Tuesday-Blitz-January-23-2024"]
[Site "Chess.com"]
[Date "2024.01.23"]
[Round "3"]
[White "MusicCityMaster"]
[Black "xakevicius91"]
[Result "1-0"]
[WhiteElo "2425"]
[BlackElo "2575"]
[TimeControl "180+1"]
[EndTime "8:28:09 PST"]
[Termination "MusicCityMaster won by checkmate"]

1. d4 Nf6 2. c4 g6 3. Nc3 Bg7 4. e4 d6 5. Nf3 O-O 6. Be2 Nc6 7.
O-O Bg4 8. Be3 Bxf3 9. Bxf3 e5 10. d5 Nd4 11. Nb5 Nxf3+ 12. Qxf3 a6 13. Na3 b6 14. b4 Nd7 15. c5 f5 16. cxd6 cxd6 17. Nc4 f4 18.
Bd2 Qe7 19. Qg4 Rfe8 20. Rfd1 Nf6 21. Qe6+ Qxe6 22. dxe6 Nxe4 23. Nxb6 Rab8 24. Nd5 Rb7 25. Rac1 Rxe6 26. Be1 Re8 27. Rc6 Ra8 28. f3 Nf6 29. Rxd6 Nxd5 30. R6xd5 Bf8 31. a3 a5 32. bxa5 Bxa3 33. Rxe5 Bb4 34. Bxb4 Rxb4 35. Ra1 Ra6 36. h3 Kg7 37. Ra2 Kf6 38. Rc5 h5 39. Kf2 Rb3 40. Ke2 Rb1 41. Kd3 Re1 42. Kc4 Rb1 43. Rb5 Rc6+ 44.
Kd5 Rc8 45. Rxb1 Kf5 46. Kd4 Rd8+ 47. Kc3 Rc8+ 48. Kd3 Rd8+ 49. Ke2 Kg5 50. Rb5+ Kh4 51. a6 Kg3 52. a7 Re8+ 53. Kf1 Rd8 54. a8=Q Rd1+ 55.
Ke2 Rg1 56. Kd3 Rxg2 57. Rxg2+ Kxg2 58. Rg5+ Kxh3 59. Qe4 h4 60. Qe6+ Kh2 61. Qg4 h3 62.
Qg1# 1-0

[Event "Early-Titled-Tuesday-Blitz-January-23-2024"]
[Site "Chess.com"]
[Date "2024.01.23"]
[Round "3"]
[White "PawnEatingZombie"]
[Black "alekroth65"]
[Result "1-0"]
[WhiteElo "2110"]
[BlackElo "2347"]
[TimeControl "180+1"]
[EndTime "8:28:09 PST"]
[Termination "PawnEatingZombie won on time"]

1. e4 e5 2. Nf3 Nc6 3. Nc3 Nf6 4.
Bb5 Bb4 5. O-O d6 6. d3 h6 7. Bxc6+ bxc6 8. Ne2 Bg4 9. Ng3 Qd7 10. h3 Be6 11. Nh2 g5 12. c3 Ba5 13. d4 Bb6 14.
Be3 Rg8 15. dxe5 dxe5 16. Qxd7+ Nxd7 17. Rfe1 Ke7 18. Ng4 Rg6 19. Nf5+ Bxf5 20. exf5 Rd6 21. f6+ Ke6 22. Nxh6 Kxf6 23. Ng4+ Kg6 24. Bxb6 axb6 25.
Nxe5+ Nxe5 26. Rxe5 Rd2 27. Re7 Ra7 28. b3 Kf6 29. Re8 Raxa2 30. Rxa2 Rxa2 31. Rc8 Ra7 32. Kf1 Ke7 33. Ke2 c5 34. Kd3 Kd6 35. Rf8 Ke7 36. Rg8 Ra2 37. Rxg5 Rxf2 38. h4 Rf6 39. h5 Rd6+ 40. Kc4 Kf6 41. Rg8 Rd1 42. g4 Rh1 43. g5+ Ke7 44. h6 Ke6 45. Rg7 c6 46. h7 Rh4+ 47. Kd3 b5 48. b4 c4+ 49. Ke3 Kf5 50. Kf3 1-0

[Event "Early-Titled-Tuesday-Blitz-January-23-2024"]
[Site "Chess.com"]
[Date "2024.01.23"]
[Round "3"]
[White "ChessQueen"]
[Black "sergoy"]
[Result "1/2-1/2"]
[WhiteElo "2734"]
[BlackElo "3014"]
[TimeControl "180+1"]
[EndTime "8:28:11 PST"]
[Termination "Game drawn by repetition"]

1. d4 d5 2. Nf3 Nf6 3. c4 c6 4. cxd5 cxd5 5. Nc3 Nc6 6. Bf4 a6 7. e3 Bg4 8. h3 Bxf3 9. Qxf3 e6 10. Bd3 Bd6 11.
Bg5 h6 12. Bh4 Be7 13. O-O O-O 14. Rac1 Rc8 15. Bb1 Na5 16. Qe2 Nc4 17. b3 Nd6 18. Na4 Nde4 19. f3 Nd6 20. Nc5 Re8 21. Qd3 g6 22.
Nxe6 Qa5 23. Nc5 Nf5 24. Bf2 b6 25. Nxa6 Rxc1 26. Rxc1 Nh5 27. g4 Ba3 28. b4 Qa4 29. Rc3 Bb2 30. Rc2 Nxd4 31. exd4 Nf4 32. Qf1 Qa3 33.
Nc7 Re7 34. Bg3 Bxd4+ 35. Kh2 Be5 36. Nb5 Qxb4 37. a3 Qb3 38. Nd4 Bxd4 39. Bxf4 Bc5 40. Bg3 Qxa3 41. Re2 Rxe2+ 42. Qxe2 Qb4 43. Ba2 Qd4 44.
Qe8+ Bf8 45. Qe2 Bc5 46. Qe8+ Bf8 47. Qe2 Bc5 1/2-1/2

[Event "Early-Titled-Tuesday-Blitz-January-23-2024"]
[Site "Chess.com"]
[Date "2024.01.23"]
[Round "3"]
[White "Russian_berezka"]
[Black "Binary010"]
[Result "0-1"]
[WhiteElo "2596"]
[BlackElo "2891"]
[TimeControl "180+1"]
[EndTime "8:28:11 PST"]
[Termination "Binary010 won on time"]

1. d4 Nf6 2. Bf4 d5 3. e3 c5 4. c3 Nc6 5. Nd2 Bf5 6. Qb3 Qc8 7. Ngf3 c4 8. Qd1 e6 9. h3 h6 10. Be2 Be7 11. a4 O-O 12. O-O b6 13. Ne5 a6 14.
Bf3 Nxe5 15. Bxe5 Bd3 16. Be2 Bh7 17. Bxf6 Bxf6 18. Bf3 b5 19. e4 Qd7 20. axb5 axb5 21. b4 Bg5 22. Qe2 Bxd2 23. Qxd2 dxe4 24. Be2 e5 25. d5 Bg6 26. Rxa8 Rxa8 27. Rd1 Qd6 28. Qe3 Rc8 29. Qa7 Kh7 30. h4 f5 31.
Qb7 Rb8 32. Qa7 Be8 33. Qc5 Rd8 34. Qe3 Bf7 35. Qa7 Rd7 36. Qa8 Bxd5 37. Qe8 Qe6 38.
Qc8 Qc6 39. Qe8 Be6 40. Ra1 Rd1+ 41. Rxd1 Qxe8 42. Rd6 f4 43. Rb6 Bf5 0-1

[Event "Early-Titled-Tuesday-Blitz-January-23-2024"]
[Site "Chess.com"]
[Date "2024.01.23"]
[Round "3"]
[White "s4p0ud"]
[Black "RodokininEV"]
[Result "1-0"]
[WhiteElo "2503"]
[BlackElo "2614"]
[TimeControl "180+1"]
[EndTime "8:28:11 PST"]
[Termination "s4p0ud won by resignation"]

1. e4 c5 2. b3 Nc6 3. Bb2 b6 4. Bb5 Bb7 5. Nf3 e6 6. O-O Nf6 7. Re1 Be7 8. c3 O-O 9. d4 cxd4 10. cxd4 d5 11. e5 Ne4 12. Nbd2 Nb4 13. a3 Na6 14. Nxe4 dxe4 15. Nd2 Nc7 16. Bf1 f5 17. exf6 Bxf6 18. Nxe4 Nd5 19. g3 Rc8 20. Rc1 Qd7 21. Rxc8 Rxc8 22.
Bc4 Be7 23. Qh5 Rf8 24. Qg4 Rf5 25. h4 b5 26. Bd3 Rf7 27. Ng5 Bxg5 28. hxg5 Re7 29. Qe2 a6 30. Qc2 g6 31. Re5 Rf7 32. Be4 Kg7 33. Bg2 Kg8 34. Bh3 Re7 35. Qe2 Kf7 36.
Qf3+ Kg8 37. Qe4 Kf7 38. Qh4 Kg8 39. Qe4 Bc8 40. b4 Qe8 41. Qe2 Kg7 42. f4 Qc6 43. Bg2 Qd6 44. Bxd5 Rc7 45. Bxe6 Bb7 46. d5 Rc4 47.
Re4+ Kf8 48. Rxc4 bxc4 49. Qe5 Qxe5 50. fxe5 Ke7 51. Bd4 Ba8 52. Kf2 1-0

[Event "Early-Titled-Tuesday-Blitz-January-23-2024"]
[Site "Chess.com"]
[Date "2024.01.23"]
[Round "3"]
[White "itsdsyr"]
[Black "kubal123"]
[Result "1-0"]
[WhiteElo "2248"]
[BlackElo "2416"]
[TimeControl "180+1"]
[EndTime "8:28:11 PST"]
[Termination "itsdsyr won on time"]

1. d4 Nf6 2. c4 e6 3. Nf3 d5 4.
Nc3 dxc4 5. e4 Bb4 6. Bxc4 Nxe4 7. O-O Nxc3 8. bxc3 Be7 9. Bf4 O-O 10. Rb1 Nc6 11.
Re1 Bf6 12. Bd3 Ne7 13. Qe2 Ng6 14. Bg3 Qd5 15. c4 Qa5 16. Rb5 Qa3 17. Bxc7 Bd7 18.
Rxb7 Bc6 19. Rb3 Qe7 20. Bg3 Bxf3 21. Qxf3 Bxd4 22. h3 Rad8 23. Reb1 e5 24. Be4 f6 25.
Rb7 Qc5 26. Bd5+ Kh8 27. h4 Ne7 28. R1b5 Qd6 29. h5 Nxd5 30. Rxd5 Qa6 31. Rxd8 Rxd8 32.
h6 g6 33. Rg7 Rf8 34. Qd5 Qxa2 35. Qd7 Qb1+ 36. Kh2 g5 37. Rf7 Rg8 38. Rg7 Rf8 39.
Qe7 Rb8 40. Qxf6 Qe4 41. Rf7+ 1-0

[Event "Early-Titled-Tuesday-Blitz-January-23-2024"]
[Site "Chess.com"]
[Date "2024.01.23"]
[Round "3"]
[White "Reality-Stone"]
[Black "VladimirKramnik"]
[Result "0-1"]
[WhiteElo "2614"]
[BlackElo "2925"]
[TimeControl "180+1"]
[EndTime "8:28:12 PST"]
[Termination "VladimirKramnik won by resignation"]

1. e4 c5 2. Nf3 d6 3. d4 cxd4 4. Nxd4 Nf6 5. Nc3 a6 6. Be2 e5 7. Nb3 Be7 8. O-O O-O 9. Be3 Be6 10. Qd3 Nbd7 11. Nd5 Bxd5 12. exd5 Rc8 13. c4 a5 14.
Rad1 b6 15. Kh1 g6 16. f4 a4 17. Nd2 exf4 18. Bxf4 Nc5 19. Qd4 Nfd7 20. Bh6 Bf6 21. Qf4 Be5 22. Qf2 Bg7 23. Bxg7 Kxg7 24. Qd4+ Ne5 25.
b4 axb3 26. axb3 f5 27. b4 Nd7 28. h3 Qf6 29. Ra1 Nf7 30. Qxf6+ Nxf6 31. Ra6 Rfe8 32. Bf3 Rb8 33. Ra7 Kf8 34. Nb3 Rbc8 35. Rc1 Re7 36. Ra6 Ne5 37. Rxb6 Rxc4 38. Rxd6 Rxc1+ 39. Nxc1 Kg7 40.
Re6 Rxe6 41. dxe6 Nxf3 42. gxf3 Nd5 43. Nd3 Kf6 44. b5 Kxe6 45. f4 Kd6 46. Kg2 Nc3 47. b6 Nd5 48. b7 Kc7 49. Kg3 Kxb7 50. Ne5 Kc7 51. h4 Nf6 52. Nf7 Kd7 53. Kf3 Ke6 54. Ke3 Kxf7 0-1

[Event "Early-Titled-Tuesday-Blitz-January-23-2024"]
[Site "Chess.com"]
[Date "2024.01.23"]
[Round "3"]
[White "ValentunHulka"]
[Black "BasilSmash"]
[Result "1-0"]
[WhiteElo "2807"]
[BlackElo "2543"]
[TimeControl "180+1"]
[EndTime "8:28:12 PST"]
[Termination "ValentunHulka won on time"]

1. Nc3 c5 2. Nf3 g6 3. d4 cxd4 4. Qxd4 Nf6 5. Qh4 h6 6. e4 d6 7. Bc4 Nc6 8. Be3 Bg7 9. h3 g5 10. Qg3 Nh5 11. Qh2 Bxc3+ 12. bxc3 Qa5 13. O-O Qxc3 14.
Bb5 O-O 15. Ba4 Be6 16. Rfd1 Rac8 17. Nd4 Nxd4 18. Bxd4 Qa5 19. Bb3 Nf4 20. Be3 Ng6 21. Qg3 a6 22. Qf3 Qe5 23. Qh5 Kh7 24. Rac1 Nf4 25.
Qf3 b5 26. Bd4 Nxh3+ 27. gxh3 Qf4 28. Qxf4 gxf4 29. f3 Bxh3 30. Kf2 e5 31. Bb2 Rg8 32. Rg1 Be6 33. Ba3 Rxg1 34. Kxg1 Bxb3 35. axb3 Rc6 36. Kf2 Kg6 37. Ke2 Kf6 38. Kd3 Ke6 39. Rh1 a5 40. Rxh6+ f6 41. Bb2 a4 42. bxa4 bxa4 43. Ba3 Rb6 44. Rh8 Rb1 45. Ra8 Rd1+ 46. Ke2 1-0

[Event "Early-Titled-Tuesday-Blitz-January-23-2024"]
[Site "Chess.com"]
[Date "2024.01.23"]
[Round "3"]
[White "Kunalm64"]
[Black "viktorskliarov"]
[Result "0-1"]
[WhiteElo "2421"]
[BlackElo "2666"]
[TimeControl "180+1"]
[EndTime "8:28:13 PST"]
[Termination "viktorskliarov won by resignation"]

1. e4 c5 2. Nf3 Nc6 3. Bb5 e6 4.
O-O Nge7 5. Re1 Nd4 6. Nxd4 cxd4 7. c3 a6 8. Bf1 Nc6 9. d3 Bc5 10. Nd2 O-O 11. Nf3 b5 12. cxd4 Nxd4 13. Be3 Qb6 14. Rc1 Nxf3+ 15. Qxf3 Bxe3 16. Qxe3 Qxe3 17. fxe3 Bb7 18.
Rc7 Bc6 19. Rc1 Rfc8 20. Rxc8+ Rxc8 21. e5 f6 22. exf6 gxf6 23. d4 Bb7 24. Rxc8+ Bxc8 25. Kf2 Bb7 26. g4 b4 27. Bg2 Bxg2 28. Kxg2 Kg7 29. e4 Kg6 30. Kf3 Kg5 31. Kg3 a5 32. h4+ Kg6 33.
e5 f5 34. b3 fxg4 35. Kxg4 h5+ 36. Kf4 Kh6 37. Ke4 Kg6 38. d5 exd5+ 39. Kxd5 Kf5 40. Kd6 Ke4 41. Kc5 Kxe5 42. Kb5 d5 43. Kxa5 d4 44.
Kxb4 Ke4 45. a4 d3 46. a5 d2 47. a6 d1=Q 48. a7 Qa1 0-1

[Event "Early-Titled-Tuesday-Blitz-January-23-2024"]
[Site "Chess.com"]
[Date "2024.01.23"]
[Round "3"]
[White "FMCarmona"]
[Black "Bkmzzzzz"]
[Result "0-1"]
[WhiteElo "2153"]
[BlackElo "2399"]
[TimeControl "180+1"]
[EndTime "8:28:13 PST"]
[Termination "Bkmzzzzz won on time"]

1. e4 d6 2. d4 Nf6 3. Nc3 e5 4. dxe5 dxe5 5. Qxd8+ Kxd8 6. Bg5 Be6 7. O-O-O+ Nd7 8.
Nf3 Bd6 9. h3 Ke7 10. a3 c6 11.
Bh4 b5 12. Bg3 a5 13. Nd2 Nh5 14. Bh2 Bc5 15. f3 Be3 16. Kb1 b4 17. Na4 Rhb8 18. Nc4 Bd4 19. b3 bxa3 20. Ka2 f6 21. Kxa3 Nc5 22. Rxd4 Nxa4 23. Rd2 Nc3 24. Bg1 a4 25. Bc5+ Kf7 26. Nd6+ Kg8 27. Kb2 axb3 28. Kxc3 b2 29. Bc4 Bxc4 30. Nxc4 b1=Q 31. Rxb1 Rxb1 32. Rd7 Nf4 33.
Nd6 Ne6 34. Nf5 Nxc5 35. Rxg7+ Kh8 36. Rc7 Rbb8 37. Nh6 Rc8 38. Re7 Rab8 39. Kc4 Na6 40. Nf7+ Kg8 41. Nh6+ Kf8 42. Rxh7 Rc7 43. Rh8+ Kg7 44.
Rxb8 Nxb8 45. Nf5+ Kf7 46. g4 Ke6 47. h4 Nd7 48. g5 fxg5 49. hxg5 Nf8 50. Kc5 Ng6 51. c4 Nf4 52. g6 Nxg6 0-1

[Event "Early-Titled-Tuesday-Blitz-January-23-2024"]
[Site "Chess.com"]
[Date "2024.01.23"]
[Round "3"]
[White "lucliasco"]
[Black "YurasovMat-2012"]
[Result "1-0"]
[WhiteElo "2893"]
[BlackElo "2619"]
[TimeControl "180+1"]
[EndTime "8:28:14 PST"]
[Termination "lucliasco won on time"]

1. d4 d5 2. c4 c6 3. Nf3 Nf6 4. cxd5 cxd5 5. Nc3 Nc6 6. e3 Bf5 7. Ne5 e6 8. g4 Be4 9. f3 Bg6 10. h4 h6 11. Nxg6 fxg6 12. Bd3 Kf7 13. h5 gxh5 14.
gxh5 Bd6 15. Bg6+ Kf8 16. f4 Rc8 17. O-O Ne7 18. Qd3 Nxg6 19. hxg6 a6 20. Bd2 b5 21. a3 Qb6 22. Be1 Qc6 23. Bh4 Be7 24. f5 Ke8 25. Rae1 Ne4 26. Bxe7 Kxe7 27. Nxe4 dxe4 28.
Qb3 Rhf8 29. fxe6 Qxe6 30. Qb4+ Qd6 31. Qxd6+ Kxd6 32. Kh2 Ke6 33. Kg3 Kd5 34. Rc1 Rxc1 35. Rxf8 Rg1+ 36. Kf2 Rxg6 37. Re8 Rf6+ 38. Ke2 Re6 39.
Rd8+ Rd6 40. Re8 Rg6 41. Re5+ Kd6 42. Rxe4 Rg2+ 43. Kf3 Rxb2 44. Rg4 g5 45. Rg1 Rh2 46.
Ke4 Rh4+ 47. Kd3 Rh3 48. Rf1 Ke6 49. Rc1 Kd7 50. Rg1 Kd6 51. Rg2 Ke6 52. a4 bxa4 53. Ra2 g4 54. Rxa4 g3 55. Rxa6+ Kf5 56. Ra8 g2 57. Rg8 1-0

[Event "Early-Titled-Tuesday-Blitz-January-23-2024"]
[Site "Chess.com"]
[Date "2024.01.23"]
[Round "3"]
[White "Zheenbekov86"]
[Black "Pliukha_Mikhail"]
[Result "1/2-1/2"]
[WhiteElo "2515"]
[BlackElo "2745"]
[TimeControl "180+1"]
[EndTime "8:28:15 PST"]
[Termination "Game drawn - insufficient material"]

1. d4 Nf6 2. c4 e6 3. Nf3 d5 4. g3 c5 5. Bg2 Nc6 6. O-O dxc4 7. Qa4 cxd4 8. Nxd4 Qxd4 9. Bxc6+ Bd7 10. Bxd7+ Qxd7 11. Qxc4 Rc8 12. Qb3 Bc5 13. Nc3 O-O 14.
Bg5 Ng4 15. Ne4 Bb6 16. h3 Ne5 17. Bf4 Ng6 18. Rfd1 Qc6 19. Qf3 f5 20. Ng5 e5 21.
Qb3+ Kh8 22. Rac1 Qe8 23. Rxc8 Qxc8 24. Nf7+ Rxf7 25. Qxf7 exf4 26. Rd7 Qg8 27. gxf4 Nxf4 28. e3 Nxh3+ 29. Kf1 Qxf7 30. Rxf7 g6 31. Rxb7 f4 32.
exf4 Nxf4 33. b4 Nd3 34. b5 h5 35. a4 h4 36. a5 Bxa5 37. Rxa7 Bb6 38. Ra6 Bxf2 39.
Rxg6 Bg3 40. b6 Kh7 41. Rc6 h3 42. Rc3 h2 43. Kg2 Nf2 44. Rc1 h1=Q+ 45. Rxh1+ Nxh1 46. Kxh1 Bb8 47. Kg2 Kg6 48. Kf3 Kf7 49. Ke4 Ke6 50. Kd3 Kd7 51. Kd4 Kc6 52. Kc4 Kb7 53. Kc5 Bh2 54.
Kb5 Bg1 55. Kb4 Bxb6 1/2-1/2